 Dungeon Crawl Stone Soup version 0.32-a0-350-g4f4d228785 (webtiles) character file.

Game seed: 17917301442039747874

2 n00bmints the Trooper (level 1, -1/20 HPs)
             Began as a Minotaur Berserker on Feb 17, 2024.
             Was a Follower of Trog.
             Killed by nerve-wracking pain
             ... invoked by Jessica
              (11 damage)
             ... on level 2 of the Dungeon.
             The game lasted 00:00:16 (71 turns).

n00bmints the Trooper (Minotaur Berserker)            Turns: 71, Time: 00:00:16

Health: -1/20      AC:  2    Str: 21    XL:     1   Next: 25%
Magic:  0/0        EV: 12    Int:  4    God:    Trog [*.....]
Gold:   11         SH:  0    Dex:  9    Spells: 0/0 levels left

rFire   . . .        a - +0 mace
rCold   . . .        (no shield)
rNeg    . . .        b - +0 animal skin
rPois   .            (helmet restricted)
rElec   .            (no cloak)
rCorr   .            (no gloves)
SInv    .            (no boots)
Will    .....        (no amulet)
Stlth   +            (no ring)
HPRegen 0.23/turn    (no ring)
MPRegen 0.07/turn

%: no passive effects
@: no status effects
A: horns 2, retaliatory headbutt
a: Renounce Religion, Berserk


You were on level 2 of the Dungeon.
You worshipped Trog.
Trog was aware of your devotion.
You visited 1 branch of the dungeon, and saw 2 of its levels.

You collected 11 gold pieces.

Inventory:

Hand Weapons
 a - a +0 mace (weapon)
Armour
 b - a +0 animal skin (worn)


   Skills:
 + Level 3.7 Fighting
 + Level 3.7 Maces & Flails
 + Level 2.4 Armour
 + Level 2.2 Dodging


You couldn't memorise any spells.
You didn't know any spells.
Your spell library was empty.

Dungeon Overview and Level Annotations

Branches:
Dungeon (1/15)

Altars:

Annotations:
D:2 Jessica


Innate Abilities, Weirdness & Mutations

You have a pair of horns on your head.
You reflexively headbutt those who attack you in melee.


Message History

Welcome, n00bmints the Minotaur Berserker.
It's a long way down to the Orb of Zot, but that shouldn't be any trouble.
Trog says: Kill them all!
Press ? for a list of commands and other information.
Found a staircase leading out of the dungeon.
You open the door.
A malevolent force fills the Dungeon...
You fall into a shaft and drop 1 floor!
The shaft crumbles and collapses.
A ball python comes into view.
Found 11 gold pieces.
The ball python hisses angrily.
The ball python bites you. The ball python barely misses you.
You closely miss the ball python. The ball python misses you.
The ball python closely misses you.
You hit the ball python. You headbutt the ball python.
You kill the ball python!
Trog accepts your kill.
You now have 11 gold pieces.
Jessica the Apprentice Sorceress comes into view.
She is wielding a +0 club.
Jessica shouts!
Jessica closely misses you.
You closely miss Jessica. Jessica hits you with a +0 club.
You barely miss Jessica. Your headbutt misses Jessica.
Jessica hits you with a +0 club.
You closely miss Jessica. Jessica casts a spell at you.
Pain shoots through your body!
Ouch! That really hurt!
You die...

########################
................@@.$....
########################
#...................#
#.#################.#
###.# #.......#.# ....#
#.........# ###.#
#######.#.# ### #####


You could see Jessica.

Vanquished Creatures
  A ball python (D:2)
1 creature vanquished.

Notes
Turn   | Place    | Note
-------+----------+-------------------------------------------
     0 | D:1      | n00bmints the Minotaur Berserker began the quest for the
                  | Orb.
     0 | D:1      | Reached XP level 1. HP: 19/19 MP: 0/0
     2 | D:1      | You fall into a shaft and drop 1 floor!
    65 | D:2      | Noticed Jessica
    71 | D:2      | Killed from afar by Jessica

Illustrated notes

Levels and vault maps discovered:
D:1:      onia_arrival_pentagram, layout_basic, serial_co_window_serial,
          co_window_paths_a, co_window_paths_b, co_window_paths_b,
          co_window_of_opportunity_a, co_window_paths_a, co_window_paths_a,
          co_window_paths_a, co_window_corner_b, co_window_cross_2,
          co_window_corner_ca, co_window_broadway_b, co_window_paths_c,
          co_window_unsneaky_path_c, glass_columns_a, glass_columns_a,
          chequers_garden
D:2:      layout_basic, uniq_jessica

Action                     || total
---------------------------++-------
  Melee: Mace              ||     5
         Headbutt          ||     1
 Armour: Animal skin       ||     3
  Dodge: Dodged            ||     4

Table legend: (Time is in decaauts)
 A = Elapsed time spent in this place.
 B = Non-inter-level travel time spent in this place.
 C = Inter-level travel time spent in this place.
 D = Time resting spent in this place.
 E = Time spent auto-exploring this place.
 F = Levels seen in this place.
 G = Mean time per level.
                   A        B        C        D        E       F      G
               +--------+--------+--------+--------+--------+-----+--------+
         Total |     71 |     71 |      0 |      0 |     42 |   2 |   35.5 |
       Dungeon |     71 |     71 |      0 |      0 |     42 |   2 |   35.5 |
               +--------+--------+--------+--------+--------+-----+--------+

Top non-repeatable levels by time:
     D:2: 69 daAuts
     D:1: 2 daAuts
